 Dungeon Crawl Stone Soup version 0.29.1-12-g30fa7ad0bf (webtiles) character file.

Game seed: 10428486061474049298

2198 nightchill the Fighter (level 9, -6/72 HPs)
             Began as a Djinni Ice Elementalist on Jan 10, 2023.
             Killed by nerve-wracking pain
             ... invoked by a shadow imp
              (13 damage)
             ... on level 7 of the Dungeon.
             The game lasted 00:32:34 (9242 turns).

nightchill the Fighter (Djinni Ice Elementalist)    Turns: 9242, Time: 00:32:34

Health: -6/72      AC: 10    Str: 13    XL:     9   Next: 60%
Gold:   383        EV: 16    Int: 21    God:
                   SH:  0    Dex: 20

rFire   + + .      SeeInvis .   l - +8 falchion of Gohujig {freeze, Fly}
rCold   x . .      Faith    .   (no shield)
rNeg    . . .      Spirit   .   a - +1 robe
rPois   ∞          Reflect  .   (no helmet)
rElec   .          Harm     .   (no cloak)
rCorr   .          Rampage  .   (no gloves)
Will    .....                   (boots unavailable)
Stlth   ++........              x - amulet of the acrobat
HPRegen 0.22/turn               b - +6 ring of strength
MPRegen 0.00/turn               y - +6 ring of dexterity

@: ice-armoured, flying, studying Dodging
A: sickness immunity, fire resistance 2, cold vulnerability 1, float, innate
caster, HP casting, extra vitality 1
a: no special abilities


You were on level 7 of the Dungeon.
You visited 1 branch of the dungeon, and saw 7 of its levels.

You collected 383 gold pieces.

Inventory:

Hand Weapons
 c - a +0 club
 f - a +0 dagger
 h - a +0 whip of freezing
 k - a +2 dagger of protection
 l - the +8 falchion of Gohujig (weapon) {freeze, Fly}
   (You found it on level 2 of the Dungeon)

   It freezes those it strikes, dealing additional cold damage.
   It can also slow down cold-blooded creatures.
   Fly:       It grants you flight.
 m - a +0 sling
 n - the +4 dagger "Morg" {pain, Will+ Int+5}
   (You found it on level 2 of the Dungeon)

   In the hands of one skilled in necromantic magic, it inflicts extra damage on
   living creatures.
   Your inability to study Necromancy prevents you from drawing on the full
   power of this weapon.
   Int:       It affects your intelligence (+5).
   Will:      It increases your willpower.
Missiles
 g - 97 stones (quivered)
 j - 8 poisoned darts
 J - a throwing net
Armour
 a - a +1 robe (worn)
Jewellery
 b - a +6 ring of strength (left hand)
 x - an amulet of the acrobat (around neck)
 y - a +6 ring of dexterity (right hand)
 F - a ring of see invisible
 H - a ring of willpower
Wands
 p - a wand of roots (20)
 s - a wand of paralysis (5)
 E - a wand of acid (5)
 I - a wand of polymorph (11)
Scrolls
 d - 2 scrolls of vulnerability
 q - a scroll of enchant armour
 r - a scroll of magic mapping {unknown}
 v - a scroll of teleportation
 w - a scroll of immolation
 A - a scroll of butterflies {unknown}
 B - 2 scrolls of fear
 D - a scroll of poison {unknown}
Potions
 e - a potion of lignification
 i - 3 potions of might {unknown}
 o - a potion of mutation {unknown}
 t - a potion of cancellation {unknown}
 z - a potion of brilliance {unknown}
 C - a potion of resistance
 G - a potion of magic {unknown}


   Skills:
 + Level 9.2 Fighting
 + Level 1.4 Long Blades
 + Level 5.8 Dodging
 - Level 1.5 Stealth
 + Level 6.1 Spellcasting


You couldn't memorise any spells.
You knew the following spells:

 Your Spells              Type           Power      Damage    Failure   Level
a - Freeze                Ice            100%       1d11      1%          1
b - Frozen Ramparts       Ice            64%        1d10      2%          3
c - Ozocubu's Armour      Ice            32%        N/A       2%          3
d - Hailstorm             Conj/Ice       32%        3d8       8%          4
e - Sting                 Tmut/Pois      100%       1d8       1%          1
f - Wereblood             Tmut           32%        N/A       1%          2
g - Mephitic Cloud        Conj/Pois/Air  32%        N/A       2%          3
h - Fulminant Prism       Conj/Hex       16%        3d11      8%          4
Your spell library was empty.

Dungeon Overview and Level Annotations

Branches:
Dungeon (7/15)
 Temple: D:4-7

Altars:
Dithmenos
Gozag
Hepliaklqana
Ru
Trog
Uskayaw

Shops:
D:3 =   D:5 !*([(

Annotations:
D:1 exclusion: downstairs
D:3 3 runed translucent doors, Colokkon's ghost, amateur GnHu
D:6 exclusion: downstairs


Innate Abilities, Weirdness & Mutations

You are immune to sickness and miasma.
You are immune to poison.
Your flesh is very heat resistant. (rF++)
You are vulnerable to cold. (rC-)
You float through the air rather than walking.
You learn spells naturally, not from books.
Your magical power is your life essence.
You have superior vitality. (+4 MHP)


Message History

Pain shoots through your body!
* * * LOW HITPOINT WARNING * * *
The shadow imp attacks as you move away!
The shadow imp hits you.
* * * LOW HITPOINT WARNING * * *
The orc wizard completely misses you.
The orc wizard hits itself with a +0 dagger.
The orc hits you with a +0 trident!
* * * LOW HITPOINT WARNING * * *
The shadow imp gestures at you. Pain shoots through your body!
* * * LOW HITPOINT WARNING * * *
Okay, then.
Casting: Mephitic Cloud (mildly dangerous; 2% risk of failure)
Confirm with . or Enter, or press ? or * to list all spells.
A film of ice covers your body!
* * * LOW HITPOINT WARNING * * *
The orc hits you with a +0 trident.
* * * LOW HITPOINT WARNING * * *
The shadow imp gestures at you. You resist with significant effort.
Casting: Ozocubu's Armour (mildly dangerous; 2% risk of failure)
Confirm with . or Enter, or press ? or * to list all spells.
Aiming: Mephitic Cloud (mildly dangerous; 2% risk of failure)
Press: ? - help, Shift-Dir - straight line, f - orc
Aim: an orc, wielding a +0 hand axe and wearing a +0 ring mail (chance to affect: 96%)
The ball explodes into a vile cloud!
The stinking cloud engulfs the orc but does no damage.
The stinking cloud engulfs the orc wizard but does no damage.
The orc wizard is heavily wounded.
The stinking cloud engulfs the orc but does no damage.
The stinking cloud engulfs you but does no damage.
The stinking cloud engulfs the orc but does no damage.
* * * LOW HITPOINT WARNING * * *
The orc is engulfed in noxious fumes.
The orc appears confused.
The orc misses you.
The orc is engulfed in noxious fumes.
The orc appears confused.
The shadow imp gestures at you. Pain shoots through your body!
You die...

###.. .......
...... #..$..#
...... ##....# ...
.....$##....# #...
......#.....##
#...#
...#.........#
#...#
......)o§☼☼..##...#
......(o)☼oo.....#
#....##5§@o.<...#
#.. #........## #
#....###..# #..$.##
#..# #....# ##).#
#...## #...# #....#
##.... #....# ....#
...... ...........#


You could see 2 orc wizards, a shadow imp and 3 orcs.

Vanquished Creatures
  Pikel (D:4)
  Eustachio (D:5)
  A water moccasin (D:6)
  2 orc warriors (D:6)
  A black bear (D:6)
  An ogre (D:4)
  3 centaurs
  A lemure (D:4)
  A necrophage (D:6)
  A wight (D:6)
  4 hounds
  A jelly (D:6)
  5 orc priests
  A gnoll bouda (D:6)
  Terence (D:2)
  3 iguanas
  4 orc wizards
  4 gnolls (D:6)
  7 adders
  2 white imps
  3 ufetubi
  2 worms
  2 dart slugs (D:3)
  24 orcs
  3 ball pythons
  4 bats
  9 endoplasms
  5 giant cockroaches
  5 goblins
  7 hobgoblins
  4 jackals (D:5)
  3 quokkas
  2 frilled lizards (D:2)
  6 kobolds
  7 rats
  2 fulminant prisms (D:6)
133 creatures vanquished.

Vanquished Creatures (others)
  8 fulminant prisms (D:6)
8 creatures vanquished.

Grand Total: 141 creatures vanquished

Notes
Turn   | Place    | Note
-------+----------+-------------------------------------------
     0 | D:1      | nightchill the Djinni Ice Elementalist began the quest for
                  | the Orb.
     0 | D:1      | nightchill set off with the following spells memorised:
                  | Freeze, Frozen Ramparts, Ozocubu's Armour, Hailstorm.
     0 | D:1      | Reached XP level 1. HP: 15/15 MP: 0/0
   465 | D:1      | Reached skill level 1 in Fighting
   465 | D:1      | Reached XP level 2. HP: 6/22 MP: 0/0
  1105 | D:1      | Found a faded altar of an unknown god.
  1824 | D:1      | Reached XP level 3. HP: 26/28 MP: 0/0
  1824 | D:1      | Learned a level 1 spell: Sting
  1892 | D:2      | Reached skill level 2 in Fighting
  1918 | D:2      | Identified the +8 falchion of Gohujig {freeze, Fly}
  2142 | D:2      | Found the +4 dagger "Morg" {pain, Will+ Int+5}
  2400 | D:2      | Reached XP level 4. HP: 31/34 MP: 0/0
  2567 | D:2      | Noticed Terence
  2784 | D:2      | Killed Terence
  2785 | D:2      | Reached skill level 3 in Fighting
  3629 | D:3      | Reached XP level 5. HP: 40/40 MP: 0/0
  3629 | D:3      | Learned a level 2 spell: Wereblood
  3745 | D:3      | Found a runed translucent gate.
  3746 | D:3      | Found a runed translucent gate.
  3746 | D:3      | Found a runed translucent gate.
  3749 | D:3      | Noticed Colokkon's ghost (amateur GnHu)
  4017 | D:3      | Found Zipeusk's Jewellery Emporium.
  4526 | D:4      | Noticed an ogre
  4547 | D:4      | Killed an ogre
  4548 | D:4      | Reached skill level 4 in Fighting
  4548 | D:4      | Reached XP level 6. HP: 32/48 MP: 0/0
  4776 | D:4      | Noticed Pikel
  4790 | D:4      | HP: 1/48 [Pikel/+0 whip of freezing (4)]
  4794 | D:4      | Killed Pikel
  4795 | D:4      | Reached skill level 6 in Fighting
  4795 | D:4      | Reached XP level 7. HP: 35/57 MP: 0/0
  4795 | D:4      | Learned a level 3 spell: Mephitic Cloud
  5119 | D:4      | Reached XP level 8. HP: 56/62 MP: 0/0
  5285 | D:4      | Reached skill level 5 in Spellcasting
  5576 | D:4      | Reached skill level 7 in Fighting
  5862 | D:5      | Entered Level 5 of the Dungeon
  6162 | D:5      | Noticed Eustachio
  6175 | D:5      | Killed Eustachio
  6338 | D:5      | Found Fecaonow's Weapon Emporium.
  6400 | D:5      | Found Tanef's Antique Weapon Emporium.
  6488 | D:5      | Reached skill level 8 in Fighting
  6550 | D:5      | Found Dug Ho Atwir's Assorted Antiques.
  6693 | D:5      | Found Zecueme's Armour Shop.
  6833 | D:5      | Found Meshiass's Distillery.
  6891 | D:5      | Identified the +9 quarterstaff of Taosm {antimagic, rElec
                  | Will+ Int+4}
  7034 | D:6      | Found an opulent altar of Gozag.
  7035 | D:6      | Found a shadowy altar of Dithmenos.
  7037 | D:6      | Found a bloodstained altar of Trog.
  7037 | D:6      | Found a hide-covered altar of Uskayaw.
  7156 | D:6      | Found a hazy altar of Hepliaklqana.
  7322 | D:6      | Found a sacrificial altar of Ru.
  7357 | D:6      | Reached XP level 9. HP: 68/71 MP: 0/0
  7357 | D:6      | Learned a level 4 spell: Fulminant Prism
  8172 | D:6      | Reached skill level 9 in Fighting
  8172 | D:6      | Reached skill level 5 in Dodging
  8857 | D:6      | Reached skill level 1 in Long Blades
  9242 | D:7      | Killed from afar by a shadow imp

Illustrated notes

Levels and vault maps discovered:
D:1:      lightli_arrival_flooded_house, layout_basic,
          ebering_ecumenical_altar_sacrificial, minmay_pentomino_r4
D:2:      layout_loops_cross, serial_aquarium, aquarium_bridge_square
          [aquarium_subvault_balcony, aquarium_subvault_bridge,
          aquarium_subvault_bridge, aquarium_subvault_bridge],
          aquarium_window_fake, aquarium_window_corner, aquarium_window_1,
          aquarium_view_2f, aquarium_balcony_3b, minmay_misc_feat_hallway,
          minmay_tree_intersection, guppyfry_early_orc_mine, uniq_terence
D:3:      layout_basic, serial_shops, shop, ebering_ghost_rock_garden
D:4:      layout_loops_corners, nrook_uturn, uniq_pikel
D:5:      layout_basic, serial_shops, shop, shop, shop,
          nicolae_shop_statue_plus, nicolae_shop_advertising_works
          [nicolae_subvault_shop_adworks], minmay_manual_mares, uniq_eustachio
D:6:      layout_loops_ring, lemuel_doored_altar, mainiacjoe_overflow_alcove_3,
          general_overflow_altar
D:7:      layout_layer_cave, minmay_temple_entry_statues_pillars, serial_shops,
          shop

Skill      XL: |  1  2  3  4  5  6  7  8  9 |
---------------+----------------------------+-----
Fighting       | 1 2 3 4 6 8 9 |  9.2
Spellcasting   | 4 5 6 |  6.1
Dodging        | 4 5 |  5.8
Long Blades    | 1 |  1.4
Stealth        | |  1.5

Action                   |  1- 3 |  4- 6 |  7- 9 || total
-------------------------+-------+-------+-------++-------
Melee: Club              |     5 |       |       ||     5
       Falchion          |    14 |    49 |   127 ||   190
       Dagger            |     1 |       |       ||     1
       Punch             |       |       |     5 ||     5
Throw: Stone             |     2 |       |     2 ||     4
 Cast: Freeze            |    29 |     7 |     4 ||    40
       Frozen Ramparts   |     9 |     7 |     5 ||    21
       Sting             |     1 |     4 |       ||     5
       Ozocubu's Armour  |       |     3 |     4 ||     7
       Wereblood         |       |     7 |       ||     7
       Mephitic Cloud    |       |       |    37 ||    37
       Fulminant Prism   |       |       |    10 ||    10
  Use: Scroll            |       |     1 |     7 ||     8
       Potion            |       |     2 |       ||     2
 Stab: Sleeping          |       |     6 |     5 ||    11
       Confused          |       |       |    13 ||    13
Armor: Robe              |     8 |     5 |    17 ||    30
Dodge: Dodged            |    31 |    31 |   106 ||   168
